 Dungeon Crawl Stone Soup version 0.17.1-1-g73c8601 (webtiles) character file.

62 HughJohnson the Gusty (level 4, 0/24 HPs)
             Began as a Tengu Air Elementalist on Dec 19, 2015.
             Succumbed to a goblin's poison
             ... on level 1 of the Dungeon.
             The game lasted 00:08:50 (1485 turns).

HughJohnson the Gusty (Tengu Air Elementalist)      Turns: 1485, Time: 00:08:51

Health: 0/24       AC:  7    Str:  9    XL:     4   Next: 8%
Magic:  7/8        EV: 12    Int: 16    God:
Gold:   13         SH:  0    Dex: 14    Spells: 3 memorised, 2 levels left

rFire  . . .     SeeInvis .     l - +0 short sword (protect)
rCold  . . .     Clarity  .     a - +0 robe
rNeg   . . .     SustAt   .     (no shield)
rPois  .         Gourm    .     (helmet restricted)
rElec  .         Spirit   .     (no cloak)
rCorr  .         Warding  .     (no gloves)
rMut   .         Stasis   .     (boots unavailable)
MR     .....                    (no amulet)
Stlth  ++........               (no ring)
                                (no ring)

@: lethally poisoned (0 -> -4), very slightly contaminated, hasted, very quick,
not resistant to hostile enchantments, unstealthy
A: beak, talons 3
a: no special abilities


You were on level 1 of the Dungeon.
You were not hungry.

You visited 1 branch of the dungeon, and saw 2 of its levels.

You collected 13 gold pieces.

Inventory:

Hand Weapons
 l - a +0 short sword of protection (weapon)
Armour
 a - a +0 robe (worn)
Scrolls
 d - 4 scrolls of identify {unknown}
 e - a scroll of random uselessness {unknown}
 g - a scroll of immolation {unknown}
 h - 3 scrolls of fog {unknown}
 j - a scroll of noise {unknown}
Books
 b - a book of Air

   Spells                             Type                      Level
   a - Shock                          Conjuration/Air              1
   b - Swiftness                      Charms/Air                   2
   c - Repel Missiles                 Charms/Air                   2
   d - Static Discharge               Conjuration/Air              3
   e - Lightning Bolt                 Conjuration/Air              5
Comestibles
 c - a bread ration
 f - a meat ration


   Skills:
 - Level 2.2 Dodging
 - Level 2.0 Stealth
 - Level 2.0 Spellcasting
 * Level 3.2 Conjurations
 * Level 0.5 Charms
 + Level 5.3 Air Magic


You had 2 spell levels left.
You knew the following spells:

 Your Spells              Type           Power        Failure   Level  Hunger
a - Shock                 Conj/Air       ###.         4%          1    #......
b - Repel Missiles        Chrm/Air       ##....       12%         2    ###....
c - Swiftness             Chrm/Air       ##......     12%         2    ###....


Dungeon Overview and Level Annotations

Branches:
Dungeon (2/15)

Altars:
Makhleb
Nemelex Xobeh
Xom

Annotations:
D:2 Robin


Innate Abilities, Weirdness & Mutations

You have a beak for a mouth.
You have claws for feet.


Message History

* * * LOW HITPOINT WARNING * * *
You feel sick.
* * * LOW HITPOINT WARNING * * *
You feel sick.
* * * LOW HITPOINT WARNING * * *
You feel sick.
You enter the shallow water.
Moving in this stuff is going to be slow.
* * * LOW HITPOINT WARNING * * *
You feel sick.
* * * LOW HITPOINT WARNING * * *
You feel sick.
* * * LOW HITPOINT WARNING * * *
You feel sick.
* * * LOW HITPOINT WARNING * * *
You feel sick.
There is a large open door here.
Unknown command.
Unknown command.
You die...

##.#.#≈.#............#.≈.......#
##.#.#≈.#≈≈≈≈≈..≈≈≈≈≈#.≈..######
...#.#≈.#§≈≈≈§..≈≈§≈≈#.≈..#
####.#≈.#§...........#.≈..#
.....#≈.######''######.≈..#
..####≈.#≈≈≈≈≈..≈≈≈≈≈#.≈.># ..#
#≈.#≈..........≈#.≈.## ..#
#≈.#≈.########.≈#.≈.# ..#
#≈.#≈......@...≈#.≈.# ..#
#≈8#≈≈≈≈≈..≈≈≈≈≈#8≈.#
..####≈.######''######.≈.#
......≈..8..8....8..8..≈.#
#####.≈≈≈≈≈≈≈≈..≈≈≈≈≈≈≈≈.# .#
#.....................#
.###....#######################
..##..........................#
#.##....#########.....#######.#


There were no monsters in sight!

Vanquished Creatures
  3 adders (D:2)
  A giant gecko (D:2)
  A ball python (D:2)
  A giant cockroach (D:2)
  4 hobgoblins (D:2)
  6 kobolds
  4 bats
  A giant newt (D:2)
  10 goblins
  4 jackals (D:1)
  6 rats
41 creatures vanquished.

Notes
Turn   | Place    | Note
--------------------------------------------------------------
     0 | D:1      | HughJohnson the Tengu Air Elementalist began the quest for the Orb.
     0 | D:1      | Reached XP level 1. HP: 10/10 MP: 4/4
   107 | D:1      | Found a sparkling altar of Nemelex Xobeh.
   555 | D:1      | Reached XP level 2. HP: 15/15 MP: 4/6
   933 | D:2      | Reached XP level 3. HP: 19/19 MP: 3/7
   934 | D:2      | Reached skill level 5 in Air Magic
   941 | D:2      | Learned a level 2 spell: Repel Missiles
   944 | D:2      | Learned a level 2 spell: Swiftness
  1120 | D:2      | Found a burning altar of Makhleb.
  1120 | D:2      | Found a shimmering altar of Xom.
  1120 | D:2      | Found a sparkling altar of Nemelex Xobeh.
  1173 | D:2      | Noticed Robin
  1191 | D:2      | Reached XP level 4. HP: 21/24 MP: 1/8
  1476 | D:1      | HP: 1/24 [poisoned by a goblin]
  1485 | D:1      | Succumbed to a goblin's poison

Action                   |  1- 3 |  4- 6 || total
-------------------------+-------+-------++-------
Melee: Unarmed           |    27 |       ||    27
       Short sword       |     2 |     1 ||     3
 Cast: Shock             |    51 |     5 ||    56
  Use: Potion            |       |     1 ||     1
 Stab: Sleeping          |     2 |       ||     2
  Eat: Chunk             |     2 |       ||     2
       Pizza             |       |     1 ||     1
